 Dungeon Crawl Stone Soup version 0.21-a0-26-g7b23a2f (webtiles) character file.

682 4thArraOfDagon the Chopper (level 7, -10/91 HPs)
             Began as a Hill Orc Berserker on May 25, 2017.
             Was a Priest of Trog.
             Killed from afar by Ijyb (19 damage)
             ... with a wand of lightning (?/15)
             ... on level 5 of the Dungeon.
             The game lasted 00:07:55 (1573 turns).

4thArraOfDagon the Chopper (Hill Orc Berserker)     Turns: 1573, Time: 00:07:55

Health: -10/91     AC:  9    Str: 25    XL:     7   Next: 61%
Magic:  16/16      EV: 16    Int: 14    God:    Trog [***...]
Gold:   172        SH:  0    Dex: 10    Spells: 6/6 levels left

rFire    . . .     SeeInvis .   a - +0 hand axe
rCold    . . .     Gourm    .   (no shield)
rNeg     . . .     Faith    .   h - +0 ring mail
rPois    .         Spirit   .   k - +0 helmet
rElec    .         Reflect  .   C - +0 cloak
rCorr    .         Harm     .   g - +0 pair of gloves
MR       ++...                  (no boots)
Stlth    ..........             (no amulet)
Regen    1.3/turn               d - ring of magical power
MPRegen  0.2/turn               f - +4 ring of evasion

@: brilliant, berserking, regenerating, very quick
A: no striking features
a: Berserk, Trog's Hand, Burn Spellbooks, Renounce Religion


You were on level 5 of the Dungeon.
You worshipped Trog.
Trog was most pleased with you.
You were very hungry.

You visited 1 branch of the dungeon, and saw 5 of its levels.
You also visited: Sewer.

You collected 172 gold pieces.

Inventory:

Hand Weapons
 a - a +0 hand axe (weapon)
Armour
 b - a +0 animal skin
 g - a +0 pair of gloves (worn)
 h - a +0 ring mail (worn)
 k - a +0 helmet (worn)
 C - a +0 cloak (worn)
Magical Staves
 r - an uncursed staff of cold
Jewellery
 d - a ring of magical power (left hand)
 f - a +4 ring of evasion (right hand)
Wands
 z - a wand of digging (11/24)
Scrolls
 e - a scroll of enchant weapon {unknown}
 m - 2 scrolls of teleportation {unknown}
 o - 4 scrolls of remove curse {unknown}
 p - a scroll of amnesia {unknown}
 q - 3 scrolls of identify {unknown}
 s - 3 scrolls of fog {unknown}
 t - 2 scrolls of recharging {unknown}
 y - a scroll of blinking {unknown}
 B - a scroll of enchant armour {unknown}
Potions
 i - a potion of lignification {unknown}
 j - 2 potions of magic {unknown}
 l - a potion of haste {unknown}
 n - a potion of flight {unknown}
 u - 3 potions of brilliance
 v - 3 potions of heal wounds {unknown}
 x - a potion of curing {unknown}
Comestibles
 c - a bread ration
 w - 4 chunks of flesh
 A - 2 fruits


   Skills:
 + Level 5.6 Fighting
 * Level 7.8 Axes
 + Level 4.1 Armour
 + Level 3.5 Dodging


You had 6 spell levels left.
You didn't know any spells.

Dungeon Overview and Level Annotations

Branches:
Dungeon (5/15)
 Temple: D:4-7

Altars:
The Shining One

Annotations:
D:5 Ijyb


Message History

You hit the orc but do no damage.
Ijyb zaps a wand.
The bolt of lightning hits you!
* * * LOW HITPOINT WARNING * * *
The crimson imp blinks!
The orc barely misses you.
Unknown command.
You slash Ijyb!
Ijyb is heavily wounded.
You slash the orc!
You kill the orc!
Trog accepts your kill.
Ijyb zaps a wand.
The bolt of lightning misses you.
Unknown command.
You hit Ijyb but do no damage.
Ijyb is heavily wounded.
Unknown command.
You hit Ijyb.
Ijyb is severely wounded.
You feel the effects of Trog's Hand fading.
Ijyb zaps a wand.
The bolt of lightning hits you!
You die...

...>...............
##.......5..............
...$.....ยง..#...........
#..........#...........
#....[.....#...........
#..........#...........
.#.......%..............
...[.........#..........
#.....@).....#.....##..
####..g.##.....<..#####
####.##..##....#
#...........#
............#
##....####### #....#
#....# ....#


You could see Ijyb and a crimson imp.

Vanquished Creatures
  Edmund (D:4)
  A bullfrog (D:4)
  Blork the orc (D:4)
  A scorpion (D:4)
  A hound (D:4)
  An orc wizard (D:4)
  An orc priest (D:5)
  2 iguanas
  A worker ant (D:4)
  Robin (D:2)
  6 adders
  5 river rats (D:3)
  A worm (D:3)
  2 leopard geckos (D:2)
  13 orcs
  4 ball pythons (Sewer)
  2 bats
  5 giant cockroaches
  11 goblins (D:2)
  7 hobgoblins
  17 jackals
  2 quokkas (D:2)
  4 frilled lizards
  8 kobolds
  A leopard gecko skeleton (D:4)
  3 rats (D:3)
  A plant (Sewer)
103 creatures vanquished.

Vanquished Creatures (others)
  A plant (Sewer)
1 creature vanquished.

Grand Total: 104 creatures vanquished

Notes
Turn   | Place    | Note
-------+----------+-------------------------------------------
     0 | D:1      | 4thArraOfDagon the Hill Orc Berserker began the quest for the Orb.
     0 | D:1      | Reached XP level 1. HP: 19/19 MP: 1/1
   173 | D:2      | Reached XP level 2. HP: 27/27 MP: 2/2
   260 | D:2      | Noticed Robin
   281 | D:2      | Reached XP level 3. HP: 27/33 MP: 3/3
   282 | D:2      | Killed Robin
   287 | D:2      | Reached ** piety under Trog
   447 | D:3      | Reached skill level 5 in Axes
   448 | D:3      | Reached XP level 4. HP: 40/40 MP: 4/4
   612 | D:3      | Reached XP level 5. HP: 33/47 MP: 5/5
   640 | D:3      | Found a glowing drain.
   648 | Sewer    | Entered a sewer
   876 | Sewer    | Reached *** piety under Trog
  1140 | D:3      | Reached skill level 6 in Axes
  1207 | D:4      | Reached XP level 6. HP: 53/53 MP: 6/6
  1321 | D:4      | Reached skill level 5 in Fighting
  1362 | D:4      | Found a glowing golden altar of the Shining One.
  1372 | D:4      | Noticed Blork the orc
  1386 | D:4      | Killed Blork the orc
  1386 | D:4      | Reached skill level 7 in Axes
  1386 | D:4      | Reached XP level 7. HP: 61/61 MP: 7/7
  1454 | D:4      | Noticed Edmund
  1474 | D:4      | Killed Edmund
  1534 | D:5      | Entered Level 5 of the Dungeon
  1558 | D:5      | Noticed Ijyb
  1573 | D:5      | Killed from afar by Ijyb

Vault maps used:
D:1:      lightli_arrival_statuegarden
D:2:      tgw_xom, uniq_robin
D:3:      lemuel_round_altar, lightli_sewer_entry_pipes
D:4:      nicolae_overflow_crystal_walls, first_bread, minmay_misc_feat_iff,
          uniq_blork_the_orc, uniq_edmund, uniq_menkaure
D:5:      uniq_ijyb
Sewer:    sewer_co_scattered_pipes

Skill      XL: |  1  2  3  4  5  6  7 |
---------------+----------------------+-----
Fighting       | 4 5 |  5.6
Dodging        | 2 3 |  3.5
Axes           | 5 6 7 |  7.8
Armour         | 3 4 |  4.1

Action                   |  1- 3 |  4- 6 |  7- 9 || total
-------------------------+-------+-------+-------++-------
Melee: Hand axe          |    82 |   255 |    25 ||   362
Invok: Berserk           |     3 |     6 |     2 ||    11
       Trog's Hand       |       |       |     2 ||     2
  Use: Potion            |       |       |     1 ||     1
 Stab: Distracted        |       |     1 |       ||     1
  Eat: Chunk             |     1 |     7 |     3 ||    11
       Fruit             |       |     2 |       ||     2
Armor: Animal skin       |    10 |       |       ||    10
       Ring mail         |    17 |    73 |    17 ||   107
Dodge: Dodged            |    88 |   234 |    29 ||   351
